cohdb
Replays
Latest Replays
All Replays
Popular Replays
Top Player Replays
Match Explorer
How It Works
Community
CoH3 Stats
Reddit
Sign in to upload your games and track your stats! →
Sign in with Steam
Match 46021942
Unlisted
Match 46021942
Overview
Messages
Build Orders
End
Kradschützen Motorcycle Team
Panzergrenadier Squad
250 Light Carrier
Construct Light Support Kompanie
Combat Half-tracks
2.5-tonne Medical Truck
Selects Armored Support Battlegroup
Selects Superior Fire Drills
Construct Mechanized Kompanie
Panzerjäger Mechanized Group
Vehicle Survival Package
8 Rad Armored Car
Selects Salvage Kits
Support Armor Elements
MG34 Team
StuG III D Assault Gun
Marder III Tank Destroyer
Panzerpioneer Squad
Emergency Repair Kits
Construct Panzerarmee Kommand
Selects Panzer Storm
Panzer III L Medium Tank
Tungsten Core Ammunition
Armored Reserves
Rapid Advance
Veteran Squad Leaders
Selects Stuka Dive Bomb
Selects Flammpanzer III Medium Tank
Selects Command Panzer IV F Medium Tank
SimplyFinny
MasterStef
ABC
MaplePine
0
0
Comments
sign in to comment!
No comments posted yet!